 Dungeon Crawl Stone Soup version 0.26.1-11-gd32895ea62 (webtiles) character file.

Game seed: 12750591320029605616

132 Zeld the Skirmisher (level 4, 40/40 HPs)
             Began as a Palentonga Fighter on May 14, 2021.
             Quit the game on level 3 of the Dungeon.
             The game lasted 00:01:56 (1104 turns).

Zeld the Skirmisher (Palentonga Fighter)            Turns: 1104, Time: 00:01:57

Health: 40/40      AC:  6    Str: 20    XL:     4   Next: 92%
Magic:  4/4        EV:  6    Int:  8    God:
Gold:   10         SH:  9    Dex: 10    Spells: 3/3 levels left

rFire    . . .     SeeInvis +     - Unarmed
rCold    + . .     Faith    .   b - +0 kite shield
rNeg     . . .     Spirit   .   a - +0 scale mail
rPois    +         Reflect  .   (no helmet)
rElec    .         Harm     .   (no cloak)
rCorr    .         Rampage  .   (no gloves)
Will     .....                  (no barding)
Stlth    ..........             (no amulet)
HPRegen  0.13/turn              e - ring of poison resistance
MPRegen  0.09/turn              f - ring of protection from cold

@: no status effects
A: large, rugged brown scales 3, see invisible, deformed body, roll 1, armoured
tail
a: Rolling Charge


You were on level 3 of the Dungeon.
You visited 1 branch of the dungeon, and saw 3 of its levels.

You collected 10 gold pieces.

Inventory:

Armour
 a - a +0 scale mail (worn)
 b - a +0 kite shield (worn)
Jewellery
 e - a ring of poison resistance (left hand)
 f - a ring of protection from cold (right hand)
Scrolls
 d - a scroll of fog {unknown}
 h - a scroll of teleportation {unknown}
Potions
 c - a potion of might
 g - a potion of brilliance {unknown}


   Skills:
 + Level 3.5 Fighting
 + Level 2.9 Armour
 + Level 0.8 Dodging
 + Level 3.3 Shields
 + Level 3.0 Unarmed Combat


You had 3 spell levels left.
You didn't know any spells.
Your spell library was empty.

Dungeon Overview and Level Annotations

Branches:
Dungeon (3/15)

Altars:


Innate Abilities, Weirdness & Mutations

You are completely covered in rugged brown scales. (AC +3, +7% HP)
You have supernaturally acute eyesight. (SInv)
Armour fits poorly on your strangely shaped body.
You can roll at nearby foes to attack.
You have a long armoured tail.


Message History

You kill the orc!
The orc hits you but does no damage.
You hit the orc but do no damage. The orc hits you with a +0 short sword.
Things that are here:
2 stones; a +0 club; a +0 club The orc priest looks encouraged for a moment.
Found a stone staircase leading down.
There is a stone staircase leading up here.
You can't go up here!
Found 8 gold pieces.
A goblin comes into view.
The goblin shouts!
Found a hand crossbow.
Found 7 gold pieces.
Found 7 gold pieces.
The orc hits you but does no damage.
There are monsters nearby!
There are monsters nearby!
The orc closely misses you.
Are you sure you want to abandon this character and quit the game? (Confirm with "yes".)

#....(.# #.......#†#####
###.#### #.###.........####
#.# #.# #...#..##.##.##
#.#######.###.#.#..##.#.#.##
#.......#.....#.#...†..###..
###
#.......###.......###.#.#.##
..#
#o####..#######.......##.##
#.# #g..........#
############ ##.###.#...#.#
#@# $....$.....#.# #o#
.#.###.......# #.#
.#o.g...).#### #K#
K.........# #o# .##.......#
#.## .##.......# #g.#
.##.......# ##.# ###...$...#
#.#


You could see 2 orcs, a goblin and a kobold.

Vanquished Creatures
  2 orc wizards (D:3)
  Jessica (D:3)
  2 adders
  A worm (D:3)
  A leopard gecko (D:2)
  5 orcs
  2 bats
  2 giant cockroaches
  3 hobgoblins
  A frilled lizard (D:3)
  3 goblins
  3 rats
26 creatures vanquished.

Notes
Turn   | Place    | Note
-------+----------+-------------------------------------------
     0 | D:1      | Zeld the Palentonga Fighter began the quest for the Orb.
     0 | D:1      | Reached XP level 1. HP: 20/20 MP: 1/1
   155 | D:2      | Reached XP level 2. HP: 16/27 MP: 2/2
   351 | D:3      | Noticed Jessica
   384 | D:3      | Reached XP level 3. HP: 9/33 MP: 3/3
   395 | D:3      | Reached XP level 4. HP: 13/40 MP: 4/4
   944 | D:3      | Killed Jessica
  1104 | D:3      | Quit the game

Illustrated notes

Levels and vault maps discovered:
D:1:      dpeg_arrival_prison, layout_rooms, minmay_pentomino_o4
D:2:      layout_basic
D:3:      layout_loops_cross, uniq_jessica

Skill      XL: |  1  2  3  4 |
---------------+-------------+-----
Shields        | 3 |  3.3
Unarmed Combat | 3 |  3.0
Fighting       | |  3.5
Armour         | |  2.9
Dodging        | |  0.8

Action                   |  1- 3 |  4- 6 || total
-------------------------+-------+-------++-------
Melee: Unarmed           |    64 |    61 ||   125
       Tailslap          |     6 |     8 ||    14
 Abil: Rolling Charge    |     3 |     3 ||     6
Armor: Scale mail        |    29 |    24 ||    53
Dodge: Dodged            |     7 |     7 ||    14
Block: Kite shield       |    24 |    40 ||    64
